Map: Submarine LE

Players

Pen

  • Race: Terran Terran
  • League: Master
  • Spawn Location: 11:00

Meridian - Winner!

  • Race: Zerg Zerg
  • League: Master
  • Spawn Location: 5:00

VOD

Have the link to the VOD?

Description

Time

  • Played on: Jan. 7, 2021, 6:40 a.m.
  • Length: 9:14
Show
View Real Time Build Order
Export as new Build Order

Pen Terran 

Build Orders: Gas First Reaper Expand 

Get SALT Encoding   

  12  0:00  SCV  
  13  0:12  SCV  
  14  0:17  Supply Depot  
  14  0:24  SCV  
  15  0:29  Refinery  
  15  0:38  SCV  
  16  0:44  Barracks  
  16  0:50  SCV  
  17  1:02  SCV  
  18  1:14  SCV  
  19  1:32  Reaper, Orbital Command  
  20  1:46  Command Center  
  20  1:57  SCV  
  20  2:00  Factory  
  21  2:09  SCV  
  21  2:10  Supply Depot  
  21  2:13  Barracks Reactor  
  22  2:20  Refinery  
  22  2:21  SCV  
  23  2:33  SCV  
  24  2:42  Bunker  
  24  2:46  Factory Tech Lab  
  24  2:48  Bunker  
  23  2:52  Marine x2  
  23  2:58  SCV  
  26  2:59  Starport  
  26  3:03  Orbital Command  
  25  3:10  SCV  
  25  3:11  Marine  
  26  3:17  Marine  
  23  3:28  Marine  
  19  4:02  Marine x2  
  19  4:05  SCV  
  22  4:16  Cyclone  
  24  4:19  SCV  
  24  4:22  SCV  
  26  4:28  Marine  
  26  4:31  SCV  
  28  4:39  Starport Tech Lab  
  28  4:40  SCV  
  28  4:43  SCV  
  30  4:52  SCV  
  34  4:55  SCV  
  34  4:59  Barracks  
  32  5:02  Barracks  
  32  5:04  SCV  
  32  5:05  Raven  
  35  5:07  SCV  
  35  5:09  Stimpack  
  36  5:17  Supply Depot  
  36  5:22  Marine, Factory Tech Lab  
  36  5:24  SCV  
  38  5:33  Supply Depot  
  38  5:39  SCV  
  38  5:42  SCV  
  40  5:43  Marine  
  41  5:51  Barracks Reactor, SCV  
  41  5:53  Marine  
  41  5:54  SCV  
  41  5:56  Starport Reactor  
  44  6:03  SCV  
  45  6:04  Marine  
  45  6:05  Marine  
  45  6:06  Engineering Bay, SCV  
  45  6:10  Marine  
  49  6:13  Supply Depot  
  49  6:15  SCV  
  50  6:22  Marine  
  51  6:31  Marine x3  
  54  6:34  Marine, SCV x2, Medivac x2  
  54  6:35  Missile Turret  
  54  6:36  Missile Turret  
  61  6:44  Marine  
  62  6:48  Missile Turret  
  62  6:49  Combat Shield  
  62  7:02  Command Center  
  62  7:14  Supply Depot  
  62  7:18  Marine x5, Barracks, Medivac  
  62  7:20  Barracks  
  69  7:26  Siege Tank  
  63  7:36  Marine x2  
  65  7:39  Marine x3  
  57  7:54  Marine x2  
  57  7:57  Marine x2  
  61  7:58  Marine  
  62  8:10  SCV x2  
  62  8:11  Marine  
  65  8:30  Supply Depot  
  65  8:35  Supply Depot  
  65  8:38  Supply Depot  
  65  8:48  SCV  
  62  8:49  Marine, SCV  
  62  8:50  Marine  
  62  8:51  Marine x3  
  62  8:54  Marine x2  
Show
View Real Time Build Order
Export as new Build Order

Meridian Zerg - Winner!

Build Orders: Pool First, Swarm Host 

Get SALT Encoding   

  12  0:00  Drone  
  13  0:09  Drone  
  14  0:24  Spawning Pool  
  13  0:29  Drone  
  14  0:37  Extractor, Drone  
  14  0:59  Hatchery  
  13  1:04  Drone  
  14  1:19  Roach Warren  
  14  1:23  Drone  
  14  1:33  Overlord  
  14  1:43  Burrow  
  14  1:58  Roach  
  14  1:59  Roach  
  18  2:06  Roach  
  20  2:14  Roach  
  22  2:22  Drone  
  23  2:23  Drone x2  
  25  2:46  Drone x2  
  25  2:47  Drone  
  28  2:54  Overlord  
  28  3:11  Queen  
  30  3:14  Drone  
  30  3:15  Drone x2  
  30  3:16  Overlord  
  30  3:17  Roach x3, Drone  
  30  3:18  Drone  
  35  3:29  Roach  
  35  3:31  Roach  
  35  3:43  Drone x3  
  35  3:44  Drone  
  37  3:53  Zergling x2  
  37  3:54  Drone  
  37  3:56  Queen  
  37  4:01  Queen  
  41  4:08  Drone x2  
  43  4:20  Zergling x2  
  43  4:21  Overlord  
  43  4:22  Overlord x2  
  44  4:27  Extractor  
  44  4:29  Extractor, Drone x2  
  44  4:35  Lair  
  44  4:50  Queen  
  44  4:51  Evolution Chamber  
  45  4:55  Drone x2  
  45  4:57  Drone x4  
  50  5:06  Overlord  
  50  5:08  Drone  
  50  5:11  Drone x5  
  56  5:25  Zerg Missile Weapons Level 1  
  56  5:30  Drone  
  56  5:31  Extractor, Drone  
  56  5:32  Drone  
  56  5:35  Glial Reconstitution  
  58  5:36  Infestation Pit  
  57  5:51  Drone x3  
  60  6:00  Spore Crawler  
  60  6:03  Hatchery  
  58  6:06  Spore Crawler  
  57  6:15  Swarm Host x6  
  57  6:16  Nydus Network  
  74  6:19  Drone x2  
  74  6:20  Overlord  
  74  6:22  Overlord  
  75  6:46  Roach x7  
  89  6:57  Nydus Canal  
  89  7:02  Roach  
  89  7:04  Overlord x2  
  91  7:18  Nydus Canal  
  91  7:33  Drone x8  
  93  7:45  Roach x7  
  101  7:55  Roach x3  
  107  8:01  Evolution Chamber  
  106  8:14  Roach x4  
  106  8:15  Overlord  
  106  8:16  Overlord x4  
  114  8:33  Hatchery  
  114  8:34  Ravager  
  114  8:35  Roach x7  
  114  8:36  Ravager  
  114  8:37  Ravager  
Tags
 
Add a new tag
Caveats
  • Supply blocks, unpowered buildings, or Contaminate may cause inaccurate times.
  • Supply counts are checked every 10 seconds.